cohdb
Replays
Latest Replays
All Replays
Popular Replays
Top Player Replays
Match Explorer
How It Works
Community
CoH3 Stats
Reddit
Sign in to upload your games and track your stats! →
Sign in with Steam
Match 23631097
Unlisted
Match 23631097
Overview
Messages
Build Orders
End
Construct Infanterie Kompanie
Selects Breakthrough Battlegroup
Grenadier Squad
Grenadier Squad
Selects Assault Grenadiers
Grenadier Squad
Medical Station
Infanterie Officer Quarters
Selects 2.5-tonne Cargo Truck
Construct Panzergrenadier Kompanie
Pak 40 Anti-tank Gun Team
Selects Smoke Bombing Run
Selects Incendiary Bombing Run
missile bridge
Strafbattalion 999
LoL
kerem
Prism tank
ITCI
Dr.Hanske
Samurines
0
0
Comments
sign in to comment!
No comments posted yet!